Unix NetHack Version 3.7.0-70 Work-in-progress - last build Jan 20 2023 02:37:49 (416de4da9be3a1557180d233d1398bca634ded6a,branch:master). Game began 2023-01-27 20:41:50, ended 2023-01-28 19:18:42. Gandelf, neutral male human Monk ------- ------- |.>*..| #......| ----- ......| #|.....| ---------------- |.... |.....| #|.....| |..............| |...| ----.-- ######.......## |..............| ----....############## # --.---- # ###-..............| |......| # ### ####### # ----.----------- |.......# # ## # # # |......|0# # # # # ######## ----- |...---- #### # # ## # # |...| ##|...| ######## # -------.--- # -----------|---- |...| #....| ### -.-+-# #..........| # |........h.....| |....###----- # |...|# #|.........|## |.........@....| |...| #################....|# ##|..........# |.........<.^..| --.-- #|....# # |.........| |..............| # |:..| #### ----------- ---------------- |....### ----- Gandelf the Initiate St:17 Dx:14 Co:11 In:3 Wi:15 Ch:11 Neutral S:5957 Dlvl:7 $:135 HP:0(66) Pw:39(39) AC:0 Xp:8/1292 T:5824 Latest messages: The mountain nymph stole a blessed spellbook of healing. You can move again. The mountain nymph steals a rusty +0 dwarvish iron helm! The mountain nymph vanishes and reappears farther away. Your movements are now unencumbered. You hit the mountain nymph! The mountain nymph reads a cursed scroll of teleportation! You are beginning to feel weak. The housecat just misses! What do you want to throw? [$Y or ?*] * In what direction? j The housecat devours an uncursed fortune cookie. You swap places with your housecat. You faint from lack of food. You regain consciousness. You can hear again. What do you want to eat? [ghiqt or ?*] g This food really hits the spot! You finish eating the food ration. You are empty handed. You are empty handed. Where do you want to travel to? (For instructions type a '?') The master mind flayer hits! The master mind flayer's tentacles suck you! Your brain is eaten! You feel very stupid! The master mind flayer's tentacles suck you! Your brain is eaten! You feel very stupid! The master mind flayer's tentacles suck you! Your brain is eaten! You feel stupid! The master mind flayer's tentacles suck you! Your brain is eaten! You feel very stupid! The master mind flayer's tentacles suck you! Your brain is eaten! You feel very stupid! You miss the master mind flayer. You hit the master mind flayer! The master mind flayer hits! The master mind flayer's tentacles suck you! Your brain is eaten! Your last thought fades away. Do you want your possessions identified? [ynq] (y) y Do you want to see your attributes? [ynq] (y) y Do you want an account of creatures vanquished? [ynaq] (y) y Do you want to see your conduct and achievements? [ynq] (y) y Do you want to see the dungeon overview? [ynq] (y) y Inventory: Coins $ - 135 gold pieces Weapons Y - 10 +0 arrows Armor K - an uncursed +0 dwarvish iron helm y - an uncursed +0 pair of gauntlets of dexterity E - an uncursed +2 pair of leather gloves (being worn) N - an uncursed +0 pair of iron shoes (being worn) W - an uncursed +0 dwarvish roundshield (being worn) d - an uncursed +0 dwarvish cloak o - an uncursed +0 dwarvish cloak v - an uncursed +0 dwarvish cloak F - an uncursed +0 dwarvish cloak T - an uncursed +0 dwarvish cloak b - an uncursed +1 robe (being worn) Comestibles h - 4 uncursed apples i - 6 uncursed oranges q - an uncursed pancake t - an uncursed egg Scrolls e - 4 uncursed scrolls of blank paper f - a cursed scroll of blank paper k - a cursed scroll of earth V - a cursed scroll of light H - an uncursed scroll of scare monster u - a blessed scroll of taming L - a cursed scroll of taming Spellbooks D - an uncursed spellbook of cancellation I - an uncursed spellbook of protection Potions r - a blessed potion of see invisible s - an uncursed potion of sickness C - 2 potions of holy water n - an uncursed potion of water P - 4 uncursed potions of water Rings X - a cursed ring of regeneration M - an uncursed ring of teleport control l - an uncursed ring of warning Wands G - a wand of magic missile (0:0) Tools m - a blessed magic marker (0:56) a - an uncursed magic whistle p - an uncursed mirror B - an uncursed tin opener A - an uncursed tin whistle Z - a blessed wax candle Gems/Stones O - an uncursed garnet stone S - 3 uncursed worthless pieces of black glass J - 2 uncursed worthless pieces of blue glass Q - 2 uncursed worthless pieces of yellow glass w - 4 uncursed worthless pieces of yellowish brown glass x - an uncursed touchstone Gandelf the Monk's attributes: Background: You were an Initiate, a level 8 male human Monk. You were neutral, on a mission for Chih Sung-tzu who was opposed by Shan Lai Ching (lawful) and Huan Ti (chaotic). You were in the Dungeons of Doom, on level 7. You entered the dungeon 5824 turns ago. You had 1292 experience points, 1268 more were needed to attain level 9. Your score was 5957 before end-of-game adjustments. Basics: You had 0 out of 66 hit points. You had all 39 energy points (spell power). Your armor class was 0. Your wallet contained 135 zorkmids. Autopickup was on for '$?!+/=' plus thrown. Final Characteristics: Your strength was 17 (limit:18/100). Your dexterity was 14 (limit:18). Your constitution was 11 (limit:18). Your intelligence was 3 (peak:10, limit:18). Your wisdom was 15 (limit:18). Your charisma was 11 (limit:18). Final Status: You were not hungry. You were unencumbered. You were empty handed. You were skilled in martial arts. Final Attributes: You were piously aligned. You were sleep resistant. You were poison resistant. You saw invisible. You were warned. You were stealthy. You were guarded. You were fast. You are dead. Miscellaneous: You encountered 1 bones level. Total elapsed playing time was 39 minutes and 56 seconds. Major events: Turn 1: Gandelf the neutral male human Monk entered the dungeon 852: attained the rank of Novice (level 3) 1827: entered the Gnomish Mines 2440: attained the rank of Initiate (level 6) 2567: destroyed Gandelf's ghost, the former Novice 5824: killed by brainlessness Vanquished creatures: 2 ghosts a djinni 2 giant beetles an iron piercer 2 giant spiders an orc mummy an owlbear a chickatrice 2 snakes 4 human zombies a soldier ant 3 rock piercers a pony 2 yellow lights 3 shriekers 4 gnome leaders a kobold mummy a gray ooze a straw golem a paper golem a floating eye a kitten 5 dwarves a kobold shaman a rothe a centipede 3 giant bats a dwarf zombie a werejackal an iguana 3 acid blobs a gas spore 3 hobbits a large kobold 3 hobgoblins a giant rat a cave spider 2 brown molds 18 gnomes 4 geckos 3 jackals 2 kobolds a goblin 3 sewer rats 6 grid bugs a bat 7 lichens a kobold zombie 6 newts 118 creatures vanquished. No species were genocided or became extinct. Voluntary challenges: You followed a strict vegan diet. You never hit with a wielded weapon. You read items or engraved 4 times. You never engraved Elbereth. You never genocided any monsters. You never polymorphed an object. You never changed form. You used no wishes. Achievements: You attained the rank of Novice. You entered the Gnomish Mines. You attained the rank of Initiate. The Dungeons of Doom: levels 1 to 8 Level 1: An altar, a sink. Level 2: Level 3: Level 4: An altar to Chih Sung-tzu. Stairs down to The Gnomish Mines. Level 5: Level 6: Level 7: <- You were here. Final resting place for you, killed by brainlessness. Level 8: The Gnomish Mines: levels 5 to 8 Level 5: Level 6: A grave. Final resting place for Gandelf-Mon-Hum-Mal-Neu, killed by a gnome lord. Level 7: Level 8: Game over: ---------- / \ / REST \ / IN \ / PEACE \ / \ | Gandelf | | 135 Au | | killed by | | brainlessness | | | | | | 2023 | *| * * * | * _________)/\\_//(\/(/\)/\//\/|_)_______ Goodbye Gandelf the Monk... You died in The Dungeons of Doom on dungeon level 7 with 5944 points, and 135 pieces of gold, after 5824 moves. You were level 8 with a maximum of 66 hit points when you died.